 Dungeon Crawl Stone Soup version 0.29-a0-613-gf2c431b9b9 (webtiles) character file.

Game seed: 2227369526797138187

106 zeratav the Stinger (level 4, 0/27 HPs)
             Began as an Octopode Venom Mage on June 17, 2022.
             Succumbed to Crazy Yiuf's poison
             ... on level 2 of the Dungeon.
             The game lasted 00:02:32 (2628 turns).

zeratav the Stinger (Octopode Venom Mage)           Turns: 2628, Time: 00:02:32

Health: 0/27       AC:  1    Str:  7    XL:     4   Next: 84%
Magic:  4/7        EV: 13    Int: 19    God:
Gold:   193        SH:  0    Dex: 12    Spells: 7/8 levels left

rFire   . . .      SeeInvis .   f - +0 short sword {short}
rCold   . . .      Faith    .   (no shield)
rNeg    . . .      Spirit   .   (helmet restricted)
rPois   .          Reflect  .   (no amulet)
rElec   .          Harm     .   k - ring of resist corrosion
rCorr   +          Rampage  .   (no ring)
Will    .....                   (no ring)
Stlth   ++++......              (no ring)
HPRegen 0.09/turn               (no ring)
MPRegen 0.10/turn               (no ring)
                                (no ring)
                                (no ring)

@: lethally poisoned (0 -> -13), on berserk cooldown, slowed, very slow
A: almost no armour, amphibious, 8 rings, camouflage 1, gelatinous body 1,
(nimble swimmer 1), tentacles
a: no special abilities


You were on level 2 of the Dungeon.
You visited 1 branch of the dungeon, and saw 2 of its levels.

You collected 193 gold pieces.


Innate Abilities, Weirdness & Mutations

You cannot wear most types of armour.
You are amphibious.
You can wear up to eight rings at the same time.
Your skin changes colour to match your surroundings (Stealth+).
Your rubbery body absorbs attacks. (AC +1, EV +1)
((You are camouflaged when in or above water. (Stealth+)))
You have tentacles for arms and can constrict up to eight enemies at once.


   Skills:
 - Level 2.0 Dodging
 * Level 4.8 Stealth
 + Level 2.6 Spellcasting
 - Level 1.0 Transmutations
 * Level 5.0 Poison Magic


You had 7 spell levels left.
You knew the following spells:

 Your Spells              Type           Power      Damage    Failure   Level
a - Sting                 Tmut/Pois      52%        1d5       4%          1

Your spell library contained the following spells:

 Spells                   Type           Power      Damage    Failure   Level
 Poisonous Vapours        Pois/Air       24%        N/A       9%          2
 Olgreb's Toxic Radiance  Pois           21%        N/A       21%         4
 Mephitic Cloud           Conj/Pois/Air  8%         N/A       24%         3

Inventory:

Hand Weapons
 f - a +0 short sword (weapon) {short}
   (You took it off a kobold on level 1 of the Dungeon)
Jewellery
 k - a ring of resist corrosion (left tentacle)
   (You found it on level 2 of the Dungeon)
Scrolls
 b - a scroll of amnesia {unknown}
 c - 2 scrolls of teleportation {unknown}
 d - a scroll of enchant weapon {unknown}
 g - a scroll of enchant armour {unknown}
 i - a scroll of vulnerability {unknown}
Potions
 a - a potion of magic
 h - a potion of haste {unknown}
 j - a potion of curing {unknown}

Dungeon Overview and Level Annotations

Branches:
Dungeon (2/15) Zot: 9367

Altars:

Annotations:
D:2 Sigmund

######÷#.#
.........÷#
...##...÷........
.........#######
#######.## #.#
##### #.# #)))#
#.# #.@)# #.#
#.).# #.# ##'##
###.# ♣♣)♣
#...### ♣.♣♣
#†....# ♣♣.♣
#.###.# ♣)♣♣ #.#
#.# ♣♣.♣♣ #.# #.#
♣...♣♣
#.###.######


There were no monsters in sight!


Message History

MP[-1]
You lost 1 mp, and now have 4/7 mp.
The sting hits the worm.
The worm looks as sick as possible!
The worm bites you.
HP[-2] MP[-1]
You take 2 damage, and now have 25/27 hp.
You lost 1 mp, and now have 3/7 mp.
The sting hits the worm.
The worm looks as sick as possible!
You kill the worm!
MP[-1]
You lost 1 mp, and now have 2/7 mp.
You see here a worm corpse.
You now have 193 gold pieces (gained 16).
Sigmund and a goblin come into view.
Sigmund is wielding a +1 scythe of venom.
Found a pink potion.
Found a stone staircase leading down.
HP[+2] MP[+5]
Your hp is fully restored (27).
Your mp is fully restored (7).
A ball python comes into view.
The helpless ball python fails to defend itself.
You puncture the ball python!
You kill the ball python!
You see here a ball python corpse.
You start waiting.
Done waiting.
A hobgoblin comes into view.
There is a stone staircase leading down here.
You see here a +0 mace {mace}.
You see here a +0 mace {mace}.
You open the door.
There is an open translucent door here.
You see here a +0 mace {mace}.
The helpless Crazy Yiuf fails to defend himself.
You puncture Crazy Yiuf! You grab Crazy Yiuf. You squeeze Crazy Yiuf.
You constrict Crazy Yiuf, but do no damage.
Crazy Yiuf barely misses you.
Casting: Sting (safe; 4% risk of failure)
Confirm with . or Enter, or press ? or * to list all spells.
Aiming: Sting (safe; 4% risk of failure)
Press: ? - help, Shift-Dir - straight line, f - Crazy Yiuf
Aim: Crazy Yiuf, wielding a +4 quarterstaff of chaos and wearing a +0 cloak (heavily wounded, constricted by you, 100% to hit)
The sting hits Crazy Yiuf but does no damage.
Crazy Yiuf is poisoned.
You constrict Crazy Yiuf.
Crazy Yiuf yells, "Goober!"
Crazy Yiuf misses you.
MP[-1]
You lost 1 mp, and now have 6/7 mp.
Casting: Sting (safe; 4% risk of failure)
Confirm with . or Enter, or press ? or * to list all spells.
Aiming: Sting (safe; 4% risk of failure)
Press: ? - help, Shift-Dir - straight line, f/p - Crazy Yiuf
Aim: Crazy Yiuf, wielding a +4 quarterstaff of chaos and wearing a +0 cloak (severely wounded, constricted by you, poisoned, 100% to hit)
The sting hits Crazy Yiuf.
Crazy Yiuf looks even sicker.
You constrict Crazy Yiuf. Crazy Yiuf closely misses you.
MP[-1]
You lost 1 mp, and now have 5/7 mp.
Casting: Sting (safe; 4% risk of failure)
Confirm with . or Enter, or press ? or * to list all spells.
Aiming: Sting (safe; 4% risk of failure)
Press: ? - help, Shift-Dir - straight line, f/p - Crazy Yiuf
Aim: Crazy Yiuf, wielding a +4 quarterstaff of chaos and wearing a +0 cloak (severely wounded, constricted by you, very poisoned, 100% to hit)
The sting hits Crazy Yiuf but does no damage.
Crazy Yiuf looks even sicker.
You constrict Crazy Yiuf.
Crazy Yiuf hits you with a +4 quarterstaff of chaos!
You are lethally poisoned!
HP[-12] MP[-1]
You take 12 damage, and now have 15/27 hp.
MASSIVE DAMAGE!! (PAUSE)
You lost 1 mp, and now have 4/7 mp.
You hit Crazy Yiuf.
You kill Crazy Yiuf!
* * * LOW HITPOINT WARNING * * *
You feel extremely sick.
Your Poison Magic skill increases to level 5!
HP[-7]
You take 7 damage, and now have 8/27 hp.
MASSIVE DAMAGE!! (PAUSE) It was a potion of berserk rage.
A red film seems to cover your vision as you go berserk!
You feel yourself moving faster!
You feel mighty!
* * * LOW HITPOINT WARNING * * *
You feel very sick.
HP[-1]
You now have 40 max hp (+13).
You are too berserk!
Unknown command.
There is a lethal amount of poison in your body!
You feel a strong urge to attack something.
* * * LOW HITPOINT WARNING * * *
You feel sick.
HP[-1]
You take 1 damage, and now have 6/40 hp.
* * * LOW HITPOINT WARNING * * *
You feel sick.
HP[-2]
You take 2 damage, and now have 4/40 hp.
You feel your anger nearly subside.
You are no longer berserk.
You are exhausted.
You feel yourself slow down.
You die...

Skill      XL: |  1  2  3  4 |
---------------+-------------+-----
Stealth        | 3 4 |  4.8
Poison Magic   | 4 5 |  5.0
Dodging        | |  2.0
Spellcasting   | |  2.6
Transmutations | |  1.0

Action                   |  1- 3 |  4- 6 || total
-------------------------+-------+-------++-------
Melee: Spear             |    33 |       ||    33
       Unarmed           |     4 |       ||     4
       Constrict         |    14 |     1 ||    15
       Short sword       |    31 |     3 ||    34
       Tentacles         |     5 |     1 ||     6
       Punch             |     1 |       ||     1
 Cast: Sting             |    15 |    12 ||    27
  Use: Potion            |       |     1 ||     1
 Stab: Sleeping          |    12 |     2 ||    14
       Distracted        |     1 |       ||     1
Armor: Skin              |     8 |     1 ||     9
Dodge: Dodged            |    45 |     6 ||    51

Levels and vault maps discovered:
D:1:      minmay_arrival_up_and_down, layout_loops_corners,
          minmay_gold_behind_fungi, minmay_heptomino_d4
D:2:      layout_loops_ring, basic_altar, uniq_crazy_yiuf_cottage, uniq_terence,
          uniq_sigmund

Notes
Turn   | Place    | Note
-------+----------+-------------------------------------------
     0 | D:1      | zeratav the Octopode Venom Mage began the quest for the
                  | Orb.
     0 | D:1      | Reached XP level 1. HP: 11/11 MP: 3/3
     0 | D:1      | magus.rc [v1.9.6]
   210 | D:1      | Reached skill level 3 in Stealth
   525 | D:1      | Reached XP level 2. HP: 11/17 MP: 0/5
   675 | D:1      | Reached skill level 4 in Poison Magic
  1196 | D:1      | Reached XP level 3. HP: 21/21 MP: 6/6
  1842 | D:2      | HP: 5/21 [rat (2)]
  1843 | D:2      | Reached skill level 4 in Stealth
  1844 | D:2      | HP: 2/21 [rat (1)]
  2119 | D:2      | Identified the +0 helmet "Quimubau" {Contam Harm Rampage
                  | rN++}
  2132 | D:2      | Noticed Terence
  2143 | D:2      | Killed Terence
  2144 | D:2      | Reached XP level 4. HP: 18/27 MP: 3/7
  2482 | D:2      | Noticed Sigmund
  2612 | D:2      | Found a runed translucent door.
  2613 | D:2      | Noticed Crazy Yiuf
  2624 | D:2      | Killed Crazy Yiuf
  2625 | D:2      | Reached skill level 5 in Poison Magic
  2625 | D:2      | HP: 7/40 [poisoned by Crazy Yiuf]
  2628 | D:2      | Succumbed to Crazy Yiuf's poison

Vanquished Creatures
  Crazy Yiuf (D:2)
  Terence (D:2)
  An adder (D:2)
  A worm (D:2)
  4 bats
  2 endoplasms (D:1)
  5 goblins
  5 hobgoblins
  4 jackals (D:1)
  2 kobolds (D:1)
  2 quokkas (D:1)
  3 ball pythons
  6 frilled lizards
  A rat (D:2)
38 creatures vanquished.

Vanquished Creatures (others)
  7 fungi (D:1)
  2 toadstools (D:1)
9 creatures vanquished.

Grand Total: 47 creatures vanquished

Table legend:
 A = Non-vault XP
 B = Vault XP
 C = Vault XP percentage of total XP
 D = Non-vault monster count
 E = Vault monster count
 F = Vault count percentage of total count
                 A         B        C        D         E       F
            +---------+---------+-------+---------+---------+-------
      Total |      67 |      85 |  55.9 |      31 |       7 |  18.4
            +---------+---------+-------+---------+---------+-------
        D:1 |      35 |       8 |  18.6 |      20 |       5 |  20.0
        D:2 |      32 |      77 |  70.6 |      11 |       2 |  15.4
            +---------+---------+-------+---------+---------+-------

Illustrated notes

Table legend:
 A = Kills in this place as a percentage of kills in entire the game.
 B = Kills by you in this place as a percentage of kills by you in the entire game.
 C = Kills by friends in this place as a percentage of kills by friends in the entire game.
 D = Other kills in this place as a percentage of other kills in the entire game.
 E = Experience gained in this place as a percentage of experience gained in the entire game.
 F = Experience gained in this place divided by the number of levels of this place that you have seen.
                   A       B       C       D       E      F
               +-------+-------+-------+-------+-------+----------------------
         Total | 100.0 | 100.0 |   N/A |   N/A | 100.0 |  76.0
       Dungeon | 100.0 | 100.0 |   N/A |   N/A | 100.0 |  76.0
               +-------+-------+-------+-------+-------+----------------------

Table legend: (Time is in decaauts)
 A = Elapsed time spent in this place.
 B = Non-inter-level travel time spent in this place.
 C = Inter-level travel time spent in this place.
 D = Time resting spent in this place.
 E = Time spent auto-exploring this place.
 F = Levels seen in this place.
 G = Mean time per level.
                   A        B        C        D        E       F      G
               +--------+--------+--------+--------+--------+-----+--------+
         Total |   2632 |   2557 |     75 |    561 |   1686 |   2 | 1316.0 |
       Dungeon |   2632 |   2557 |     75 |    561 |   1686 |   2 | 1316.0 |
               +--------+--------+--------+--------+--------+-----+--------+

Top non-repeatable levels by time:
     D:1: 1783 daAuts
     D:2: 848 daAuts
